 Dungeon Crawl Stone Soup version 0.29.1-15-g9cfb28693d (webtiles) character file.

Game seed: 9610162379290656424

44 Carnifexus the Shield-Bearer (level 3, 0/35 HPs)
             Began as a Gnoll Fighter on Mar 28, 2023.
             Succumbed to an adder's poison
             ... on level 2 of the Dungeon.
             The game lasted 00:01:48 (984 turns).

Carnifexus the Shield-Bearer (Gnoll Fighter)         Turns: 984, Time: 00:01:49

Health: 0/35       AC:  7    Str: 17    XL:     3   Next: 60%
Magic:  4/4        EV:  9    Int:  7    God:
Gold:   32         SH:  5    Dex: 11    Spells: 3/3 levels left

rFire   . . .      SeeInvis .   a - +0 flail
rCold   . . .      Faith    .   c - +0 buckler
rNeg    . . .      Spirit   +   b - +0 scale mail
rPois   .          Reflect  .   (no helmet)
rElec   .          Harm     .   (no cloak)
rCorr   .          Rampage  .   (no gloves)
Will    .....                   (no boots)
Stlth   ..........              i - amulet of guardian spirit
HPRegen 0.11/turn               (no ring)
MPRegen 0.09/turn               (no ring)

@: lethally poisoned (0 -> -2), flying
A: fangs 1, strong nose, distributed training
a: no special abilities


You were on level 2 of the Dungeon.
You visited 1 branch of the dungeon, and saw 2 of its levels.

You collected 32 gold pieces.

Inventory:

Hand Weapons
 a - a +0 flail (weapon)
Armour
 b - a +0 scale mail (worn)
 c - a +0 buckler (worn)
Jewellery
 i - an amulet of guardian spirit (around neck)
Scrolls
 e - a scroll of magic mapping {unknown}
 j - a scroll of identify {unknown}
Potions
 d - a potion of might
 f - a potion of flight
 h - a potion of attraction {unknown}


   Skills:
 + Level 6.5 Fighting
 + Level 0.9 Short Blades
 + Level 0.9 Long Blades
 + Level 0.9 Axes
 + Level 4.5 Maces & Flails
 + Level 0.9 Polearms
 + Level 0.9 Staves
 + Level 0.9 Ranged Weapons
 + Level 0.9 Throwing
 + Level 6.5 Armour
 + Level 0.9 Dodging
 + Level 0.9 Stealth
 + Level 6.5 Shields
 + Level 0.9 Unarmed Combat
 + Level 0.9 Spellcasting
 + Level 0.6 Conjurations
 + Level 0.6 Hexes
 + Level 0.6 Summonings
 + Level 0.6 Necromancy
 + Level 0.6 Translocations
 + Level 0.6 Transmutations
 + Level 0.6 Fire Magic
 + Level 0.6 Ice Magic
 + Level 0.6 Air Magic
 + Level 0.6 Earth Magic
 + Level 0.6 Poison Magic
 + Level 1.0 Invocations
 + Level 0.9 Evocations


You had 3 spell levels left.
You didn't know any spells.
Your spell library was empty.

Dungeon Overview and Level Annotations

Branches:
Dungeon (2/15)

Altars:

Shops:
D:1 [(*


Innate Abilities, Weirdness & Mutations

You have very sharp teeth.
Your uncanny sense of smell can sniff out nearby items.
Your experience applies equally to all skills.


Message History

Unknown command.
You miss the adder.
The adder is almost dead.
You block the adder's attack. You block the goblin's attack.
The frilled lizard bites you. The adder bites you but does no damage.
You barely miss the adder. Your bite misses the adder.
The adder is almost dead.
The goblin hits you but does no damage.
The frilled lizard bites you but does no damage.
The adder closely misses you.
Unknown command.
You closely miss the adder.
The adder is almost dead.
The adder bites you but does no damage. The goblin closely misses you.
The frilled lizard misses you. The adder bites you.
* * * LOW HITPOINT WARNING * * *
You are lethally poisoned!
The adder poisons you!
You thump the adder!
You kill the adder!
* * * LOW HITPOINT WARNING * * *
You feel sick.
The frilled lizard bites you but does no damage.
The goblin hits you but does no damage.
Unknown command.
* * * LOW HITPOINT WARNING * * *
You feel sick. You block the goblin's attack.
The frilled lizard bites you but does no damage.
Unknown command.
* * * LOW HITPOINT WARNING * * *
You feel sick. The goblin barely misses you.
You block the frilled lizard's attack.
It was a potion of flight.
You feel very buoyant.
You fly up into the air.
* * * LOW HITPOINT WARNING * * *
You feel sick. You block the frilled lizard's attack.
The goblin hits you but does no damage.
It was a potion of magic.
Magic courses through your body.
You die...

.... .. ...
.....#.# ...##
##..#.#.# ...."
......#.# ....##
......... .....#
##......##.....#
........).......
.......g.l.....#
.......<@..#...#
.##......#.# ..#
#.......... #
#......!.....
#..#.#.#......
...............
..##.#.#....!...
#. ###.........


You could see a goblin and a frilled lizard.

Vanquished Creatures
  An adder (D:2)
  A dart slug (D:1)
  A ball python (D:1)
  A bat (D:1)
  5 endoplasms (D:1)
  A giant cockroach (D:1)
  2 goblins (D:1)
  3 hobgoblins (D:1)
  6 kobolds
  3 quokkas (D:1)
  3 frilled lizards (D:1)
  A rat (D:1)
28 creatures vanquished.

Vanquished Creatures (others)
  2 plants (D:1)
2 creatures vanquished.

Grand Total: 30 creatures vanquished

Notes
Turn   | Place    | Note
-------+----------+-------------------------------------------
     0 | D:1      | Carnifexus the Gnoll Fighter began the quest for the Orb.
     0 | D:1      | Reached XP level 1. HP: 23/23 MP: 1/1
    79 | D:1      | Reached XP level 2. HP: 27/29 MP: 2/2
   251 | D:1      | Found Muonimuu's Armour Shop.
   301 | D:1      | Found Qaohunal's Antique Weapon Boutique.
   530 | D:1      | Reached XP level 3. HP: 33/35 MP: 3/3
   673 | D:1      | Found Zeuzxan's Assorted Antiques.
   898 | D:1      | Reached skill level 1 in Invocations
   983 | D:2      | HP: 1/35 [poisoned by an adder]
   984 | D:2      | Succumbed to an adder's poison

Illustrated notes

Levels and vault maps discovered:
D:1:      wander_arrival_fairy_ring, layout_basic, serial_shops,
          nicolae_square_shop, nicolae_shop_overgrown_old_shop,
          nicolae_shop_trees, serial_park_tiny_pond, st_stairs_12,
          minmay_misc_feat_x
D:2:      layout_basic, basic_altar, uniq_natasha

Skill      XL: |  1  2  3 |
---------------+----------+-----
Invocations    | 1 |  1.0
Fighting       | |  6.5
Short Blades   | |  0.9
Long Blades    | |  0.9
Axes           | |  0.9
Maces & Flails | |  4.5
Polearms       | |  0.9
Staves         | |  0.9
Ranged Weapons | |  0.9
Throwing       | |  0.9
Armour         | |  6.5
Dodging        | |  0.9
Stealth        | |  0.9
Shields        | |  6.5
Unarmed Combat | |  0.9
Spellcasting   | |  0.9
Conjurations   | |  0.6
Hexes          | |  0.6
Summonings     | |  0.6
Necromancy     | |  0.6
Translocations | |  0.6
Transmutations | |  0.6
Fire Magic     | |  0.6
Ice Magic      | |  0.6
Air Magic      | |  0.6
Earth Magic    | |  0.6
Poison Magic   | |  0.6
Evocations     | |  0.9

Action                   || total
-------------------------++-------
Melee: Flail             ||    90
       Bite              ||     5
  Use: Potion            ||     2
Armor: Scale mail        ||    72
Dodge: Dodged            ||    45
Block: Buckler           ||    36
